 Dungeon Crawl Stone Soup version 0.28-a0-500-g121bc3e445 (webtiles) character file.

Game seed: 8653615560552515237

86 CraigForest the Insei (level 4, -1/24 HPs)
             Began as a Vine Stalker Monk on Sept 20, 2021.
             Slain by a wyvern (9 damage)
             ... on level 4 of the Dungeon.
             The game lasted 00:08:36 (1667 turns).

CraigForest the Insei (Vine Stalker Monk)           Turns: 1667, Time: 00:08:36

Health: -1/24      AC:  7    Str: 15    XL:     4   Next: 49%
Magic:  0/5        EV: 11    Int: 16    God:
Gold:   56         SH:  0    Dex: 16    Spells: 3/3 levels left

rFire   . . .      SeeInvis .   a - +0 rapier
rCold   . . .      Faith    .   (no shield)
rNeg    . . .      Spirit   +   k - +0 ring mail
rPois   .          Reflect  .   (no helmet)
rElec   .          Harm     .   o - +0 cloak
rCorr   .          Rampage  .   (no gloves)
Will    .....                   x - +0 pair of boots
Stlth   ++........              (no amulet)
HPRegen 1.08/turn               l - +6 ring of intelligence
MPRegen 0.09/turn               (no ring)

@: no status effects
A: fangs 2, regeneration 1, magic shield, antimagic bite, no potion heal 2
a: no special abilities


You were on level 4 of the Dungeon.
You visited 1 branch of the dungeon, and saw 4 of its levels.

You collected 56 gold pieces.

Inventory:

Hand Weapons
 a - a +0 rapier (weapon)
 s - a +0 hunting sling
Missiles
 t - 37 arrows
 w - 8 boomerangs
Armour
 c - a +0 robe
 e - a +0 leather armour
 g - a +0 robe of fire resistance
 k - a +0 ring mail (worn)
 o - a +0 cloak (worn)
 r - a +0 scale mail
 x - a +0 pair of boots (worn)
Jewellery
 l - a +6 ring of intelligence (left hand)
Wands
 p - a wand of iceblast (10) (quivered)
Scrolls
 b - a scroll of enchant armour {unknown}
 f - 2 scrolls of magic mapping {unknown}
 i - a scroll of summoning {unknown}
 j - a scroll of silence {unknown}
 n - a scroll of identify {unknown}
 q - a scroll of enchant weapon {unknown}
 v - a scroll of fear {unknown}
Potions
 d - a potion of curing {unknown}
 h - a potion of degeneration {unknown}
 m - a potion of heal wounds {unknown}
 u - a potion of flight {unknown}
 z - a potion of lignification {unknown}
 A - a potion of might {unknown}


   Skills:
 - Level 3.0 Fighting
 - Level 1.0 Armour
 - Level 3.0 Dodging
 - Level 3.0 Stealth
 - Level 3.0 Unarmed Combat
 - Level 1.0 Necromancy
 - Level 0.1 Invocations
 + Level 1.6 Evocations


You had 3 spell levels left.
You didn't know any spells.
Your spell library contained the following spells:

 Spells                   Type           Power      Damage    Failure   Level
 Slow                     Hex            0%         N/A       58%         2
 Vampiric Draining        Necr           1%         2d6       69%         3
 Confusing Touch          Hex            0%         N/A       83%         3


Dungeon Overview and Level Annotations

Branches:
Dungeon (4/15)
 Temple: D:4-7

Altars:


Innate Abilities, Weirdness & Mutations

You have extremely sharp teeth.
Your natural rate of healing is unusually fast.
When hurt, damage is shared between your health and your magic reserves.
Your bite disrupts and absorbs the magic of your enemies.
Potions cannot restore your health.


Message History

You barely miss the hound.
The hound is severely wounded.
The hound barely misses you. The hound bites you but does no damage.
You hit the hound but do no damage.
The hound is severely wounded.
The hound barely misses you. x2
You closely miss the hound.
The hound is severely wounded.
The hound bites you but does no damage.
You hit the hound but do no damage.
The hound is severely wounded.
The hound bites you but does no damage. The hound closely misses you.
You hit the hound. You bite the hound. You drain its power.
The hound is almost dead.
The hound closely misses you. x2
You hit the hound.
You kill the hound!
Training target 1.0 for Necromancy reached!
Your Necromancy skill increases to level 1!
You have reached level 4!
You feel stronger.
You begin to heal more quickly.
You closely miss the wyvern. The wyvern bites you.
Unknown command.
You hit the wyvern. You bite the wyvern. You drain its power.
You feel invigorated.
The wyvern is lightly wounded.
The wyvern bites you but does no damage.
The wyvern closely misses you.
You hit the wyvern but do no damage.
The wyvern is lightly wounded.
The wyvern misses you. The wyvern bites you.
You hit the wyvern but do no damage. You bite the wyvern. You drain its power.
You feel invigorated.
The wyvern is moderately wounded.
The wyvern bites you! The wyvern barely misses you. The wyvern bites you!
* * * LOW HITPOINT WARNING * * *
The wyvern bites you!
You die...

##.......#....
##................
..................
#.......#.......
#.......#......#
♣♣♣♣....#......
♣♣PP♣†♣..#......
##♣♣..Z..♣♣Z..######
#..@l♣..♣♣P♣........
.....$♣P♣...P..♣........
####. ♣♣♣P....P♣........
.. ♣....♣P♣♣........ ..
♣P♣.♣.♣♣♣####...# ##
#♣P♣.♣♣#.####...#
#♣♣.♣##.........
#.............
###...........


You could see a wyvern and an adder skeleton.

Vanquished Creatures
  A hound (D:4)
  2 adders
  3 dart slugs
  An orc (D:3)
  3 ball pythons
  4 endoplasms
  A giant cockroach (D:3)
  4 hobgoblins
  2 quokkas
  3 bats
  A frilled lizard (D:3)
  3 kobolds
  4 rats
32 creatures vanquished.

Vanquished Creatures (others)
  5 plants (D:4)
5 creatures vanquished.

Grand Total: 37 creatures vanquished

Notes
Turn   | Place    | Note
-------+----------+-------------------------------------------
     0 | D:1      | CraigForest the Vine Stalker Monk began the quest for the
                  | Orb.
     0 | D:1      | Reached XP level 1. HP: 11/11 MP: 2/2
     8 | D:1      | You fall into a shaft and drop 1 floor!
   192 | D:2      | Reached XP level 2. HP: 16/16 MP: 3/3
   548 | D:2      | Reached XP level 3. HP: 20/20 MP: 4/4
   927 | D:3      | Reached skill level 1 in Evocations
  1508 | D:3      | Reached skill level 1 in Armour
  1636 | D:4      | Noticed a wyvern
  1660 | D:4      | Reached skill level 1 in Necromancy
  1660 | D:4      | Gained mutation: Your natural rate of healing is unusually
                  | fast. [Vine Stalker growth]
  1660 | D:4      | Reached XP level 4. HP: 17/24 MP: 5/5
  1667 | D:4      | Slain by a wyvern

Illustrated notes

Levels and vault maps discovered:
D:1:      dpeg_arrival_ratfight, layout_loops_corners,
          shapermc_ecumenical_altar_ellora, minmay_door_square
D:2:      layout_basic, hex_tiny
D:3:      layout_basic
D:4:      layout_rooms, nicolae_tso_carved_into_rock, serial_forest,
          infiniplex_forest_3_way, infiniplex_forest_lined_1,
          infiniplex_forest_lined_2, infiniplex_forest_lined_2,
          infiniplex_forest_3_way, infiniplex_forest_clump_C,
          infiniplex_forest_zigzag_2

Skill      XL: |  1  2  3 |
---------------+----------+-----
Fighting       | 3 |  3.0
Dodging        | 3 |  3.0
Stealth        | 3 |  3.0
Evocations     | 1 |  1.6
Armour         | 1 |  1.0
Necromancy     | 1 |  1.0
Unarmed Combat | |  3.0
Invocations    | |  0.1

Action                   |  1- 3 |  4- 6 || total
-------------------------+-------+-------++-------
Melee: Rapier            |    90 |     4 ||    94
       Unarmed           |     2 |       ||     2
       Bite              |    21 |     2 ||    23
 Stab: Sleeping          |     4 |       ||     4
Armor: Ring mail         |    44 |     1 ||    45
       Leather armour    |     1 |       ||     1
Dodge: Dodged            |    53 |     3 ||    56

Table legend: (Time is in decaauts)
 A = Elapsed time spent in this place.
 B = Non-inter-level travel time spent in this place.
 C = Inter-level travel time spent in this place.
 D = Time resting spent in this place.
 E = Time spent auto-exploring this place.
 F = Levels seen in this place.
 G = Mean time per level.
                   A        B        C        D        E       F      G
               +--------+--------+--------+--------+--------+-----+--------+
         Total |   1684 |   1621 |     63 |      0 |   1162 |   4 |  421.0 |
       Dungeon |   1684 |   1621 |     63 |      0 |   1162 |   4 |  421.0 |
               +--------+--------+--------+--------+--------+-----+--------+

Top non-repeatable levels by time:
     D:3: 834 daAuts
     D:2: 767 daAuts
     D:4: 74 daAuts
     D:1: 8 daAuts
